 Dungeon Crawl Stone Soup version 0.31.0 (webtiles) character file.

Game seed: 9604000521084075194

1033670 shadowrider38 the Bringer of Light (level 27, -8/177 (199) HPs)
             Began as a Gargoyle Gladiator on Jan 19, 2024.
             Was the Champion of the Shining One.
             Killed from afar by a hellion (32 damage)
             ... with damnation
             ... on level 4 of the Iron City of Dis on Jan 20, 2024.
             The game lasted 02:48:16 (99838 turns).

shadowrider38 the Bringer of Light (GrGl)          Turns: 99838, Time: 02:48:17

HP:   -8/177 (199)  AC: 67    Str: 37    XL:     27
MP:   35/40         EV: 19    Int: 11    God:    the Shining One [******]
Gold: 12845         SH: 36    Dex: 12    Spells: 34/34 levels left

rFire   + . .        b - +9 broad axe (heavy)
rCold   + + .        l - +7 tower shield of the Spider Nest {god gift, Dex+5 Stlth+}
rNeg    + + +        M - +11 gold dragon scales
rPois   ∞            e - +2 helmet
rElec   +            g - +4 dragonskin cloak
rCorr   .            C - +2 pair of gloves of Negligence {rElec rPois Will++ Dex-4}
SInv    .            R - +1 pair of boots of Starshine {rC+ Will+ Stlth-}
Will    +++++        h - amulet of reflection Stlth
                     y - +4 ring of slaying
HPRegen 0.49/turn    d - ring of Duwer {^Contam Fly Will+ EV+5 Str+7}
MPRegen 0.27/turn

%: reflection, clarity
@: flying, glowing, studying 4 skills, heavily drained, corroded
A: sickness immunity, AC +20, big wings, negative energy resistance 1,
electricity resistance, torment resistance 1, petrification resistance, thin
skeletal structure 1, clarity, clumsy 1
}: 12/15 runes: decaying, slimy, silver, icy, bone, abyssal, demonic, glowing,
magical, fiery, dark, gossamer
a: Renounce Religion, Divine Shield, Cleansing Flame, Summon Divine Warrior


You were on level 4 of the Iron City of Dis.
You worshipped the Shining One.
The Shining One was exalted by your worship.
You visited 16 branches of the dungeon, and saw 74 of its levels.
You visited Pandemonium 1 time, and saw 20 of its levels.
You visited the Abyss 3 times.
You also visited: Bailey, Gauntlet and Ice Cave.

You collected 13462 gold pieces.
You spent 617 gold pieces at shops.

Inventory:

Hand Weapons
 a - a +9 broad axe of holy wrath
 b - a +9 heavy broad axe (weapon)
 K - the +9 broad axe "Saheoj" {god gift, flame, +Blink Will++ Int+4}
   (Okawaru gifted it to you on level 13 of the Dungeon)

   Int+4:     It affects your intelligence (+4).
   Will++:    It greatly increases your willpower.
   +Blink:    It lets you blink.
Missiles
 t - 97 boomerangs (quivered)
 v - 23 javelins
 x - 30 silver javelins {god gift}
 F - 7 curare-tipped darts
 Z - 2 throwing nets
Armour
 e - a +2 helmet (worn)
 g - the +4 dragonskin cloak (worn)
   (You took it off Tiamat in the Arena)

   Avatar's Aegis: It grants the wearer a chance to resist fire, cold, poison,
   electricity, acid, and negative energy.
 l - the +7 tower shield of the Spider Nest (worn) {god gift, Dex+5 Stlth+}
   (Okawaru gifted it to you on level 3 of the Spider Nest)

   Dex+5:     It affects your dexterity (+5).
   Stlth+:    It makes you more stealthy.
 C - the +2 pair of gloves of Negligence (worn) {rElec rPois Will++ Dex-4}
   (You acquired it on level 1 of the Vaults)

   Dex-4:     It affects your dexterity (-4).
   rElec:     It insulates you from electricity.
   rPois:     It protects you from poison Will++: It greatly increases your
   willpower.
 G - the +0 pair of gloves "Bylaihee" {rC+ Dex+6}
   (You found it on level 5 of the Vaults)

   Dex+6:     It affects your dexterity (+6).
   rC+:       It protects you from cold.
 M - +11 gold dragon scales (worn)
 N - a scarf of resistance
 R - the +1 pair of boots of Starshine (worn) {rC+ Will+ Stlth-}
   (You acquired it on level 3 of the Realm of Zot)

   rC+:       It protects you from cold.
   Will+:     It increases your willpower.
   Stlth-:    It makes you less stealthy.
Jewellery
 c - the ring "Seelutapn" {Fly rPois rF+ Str+3}
   (You found it on level 5 of the Pits of Slime)

   [ring of poison resistance]

   Str+3:     It affects your strength (+3).
   rF+:       It protects you from fire.
   rPois:     It protects you from poison Fly: It grants you flight.
 d - the ring of Duwer (right hand) {^Contam Fly Will+ EV+5 Str+7}
   (You acquired it in Pandemonium)

   [ring of evasion]

   EV+5:      It affects your evasion (+5).
   Str+7:     It affects your strength (+7).
   Will+:     It increases your willpower.
   Fly:       It grants you flight.
   ^Contam:   It causes magical contamination when unequipped.
 h - an amulet of reflection (around neck)
 s - a ring of see invisible
 y - a +4 ring of slaying (left hand)
 V - the ring "Soetumeg" {EV+5 Dex+3}
   (You took it off an ogre mage on level 5 of the Vaults)

   [ring of evasion]

   EV+5:      It affects your evasion (+5).
   Dex+3:     It affects your dexterity (+3).
Wands
 o - a wand of light (35)
 D - a wand of digging (24)
 I - a wand of iceblast (68)
 P - a wand of paralysis (77)
Scrolls
 i - 11 scrolls of poison
 j - 7 scrolls of immolation
 k - 2 scrolls of silence {!r}
 u - 6 scrolls of revelation
 w - 4 scrolls of fog
 z - 6 scrolls of fear
 B - 2 scrolls of blinking
 J - a scroll of butterflies
 S - 8 scrolls of vulnerability
 T - 22 scrolls of teleportation
 Y - 9 scrolls of brand weapon
Potions
 f - 3 potions of heal wounds
 m - 16 potions of lignification
 n - 12 potions of mutation
 p - 5 potions of berserk rage
 q - 6 potions of magic
 A - 7 potions of might
 E - 4 potions of cancellation
 H - 7 potions of haste
 L - 15 potions of enlightenment
 Q - 19 potions of curing
 W - 2 potions of ambrosia
 X - 7 potions of resistance
Miscellaneous
 r - a lightning rod (4/4)
 O - a condenser vane (inert)
 U - a phial of floods


   Skills:
 O Level 27 Fighting
 + Level 20.8 Axes
 - Level 12.0 Throwing
 - Level 25.3 Armour
 - Level 16.7 Dodging
 O Level 27 Shields
 - Level 4.1 Spellcasting
 O Level 27 Invocations
 - Level 12.0 Evocations
 - Level 4.6 Shapeshifting


You had 34 spell levels left.
You didn't know any spells.
Your spell library contained the following spells:

 Spells                   Type           Power      Damage    Failure   Level
 Apportation              Tloc           4%         N/A       71%         1
 Kiss of Death            Conj/Necr      8%         2d6       71%         1
 Magic Dart               Conj           8%         1d3       71%         1
 Necrotise                Necr           8%         1d4       71%         1
 Slow                     Hex            8%         N/A       71%         1
 Sting                    Conj/Alch      8%         1d3       71%         1
 Blink                    Tloc           4%         N/A       83%         2
 Ensorcelled Hibernation  Hex/Ice        4%         N/A       83%         2
 Jinxbite                 Hex            4%         N/A       83%         2
 Lesser Beckoning         Tloc           4%         N/A       83%         2
 Mercury Vapours          Alch/Air       4%         N/A       83%         2
 Momentum Strike          Conj/Tloc      4%         3d8       83%         2
 Scorch                   Fire           4%         2d5       83%         2
 Searing Ray              Conj           4%         2d4       83%         2
 Static Discharge         Conj/Air       4%         3-4/arc   83%         2
 Call Canine Familiar     Summ           2%         N/A       97%         3
 Confusing Touch          Hex            2%         N/A       97%         3
 Dazzling Flash           Conj/Hex       4%         N/A       97%         3
 Frozen Ramparts          Ice            4%         1d1       97%         3
 Fugue of the Fallen      Necr           2%         N/A       97%         3
 Gell's Gravitas          Tloc           2%         N/A       97%         3
 Hailstorm                Conj/Ice       2%         3d5       97%         3
 Inner Flame              Hex/Fire       2%         N/A       97%         3
 Mephitic Cloud           Conj/Alch/Air  2%         N/A       97%         3
 Ozocubu's Armour         Ice            2%         N/A       97%         3
 Passwall                 Erth           2%         N/A       97%         3
 Sigil of Binding         Hex            2%         N/A       97%         3
 Swiftness                Air            2%         N/A       97%         3
 Teleport Other           Tloc           2%         N/A       97%         3
 Tukima's Dance           Hex            2%         N/A       97%         3
 Vampiric Draining        Necr           2%         2d6       97%         3
 Airstrike                Air            1%         2d(1-17)  100%        4
 Anguish                  Hex/Necr       1%         N/A       100%        4
 Animate Dead             Necr           2%         N/A       100%        4
 Brom's Barrelling Bould  Conj/Erth      2%         2d3       100%        4
 Cause Fear               Hex            1%         N/A       100%        4
 Dimensional Bullseye     Hex/Tloc       1%         N/A       100%        4
 Dispel Undead            Necr           2%         3d7       100%        4
 Flame Wave               Conj/Fire      2%         2d4       100%        4
 Ignite Poison            Fire/Alch      2%         N/A       100%        4
 Iskenderun's Mystic Bla  Conj/Tloc      2%         2d3       100%        4
 Leda's Liquefaction      Alch/Erth      1%         N/A       100%        4
 Martyr's Knell           Necr/Summ      2%         N/A       100%        4
 Olgreb's Toxic Radiance  Alch           2%         N/A       100%        4
 Passage of Golubria      Tloc           2%         N/A       100%        4
 Petrify                  Alch/Erth      2%         N/A       100%        4
 Sticky Flame             Fire/Alch      2%         2d4       100%        4
 Summon Blazeheart Golem  Fire/Summ      2%         N/A       100%        4
 Summon Lightning Spire   Summ/Air       2%         N/A       100%        4
 Vhi's Electric Charge    Tloc/Air       4%         N/A       100%        4
 Alistair's Intoxication  Alch           1%         N/A       100%        5
 Arcjolt                  Conj/Air       1%         1d11      100%        5
 Borgnjor's Vile Clutch   Necr/Erth      1%         N/A       100%        5
 Curse of Agony           Necr           2%         N/A       100%        5
 Fireball                 Conj/Fire      1%         3d3       100%        5
 Freezing Cloud           Conj/Ice/Air   1%         6-21      100%        5
 Irradiate                Conj/Alch      1%         3d12      100%        5
 Iskenderun's Battlesphe  Conj           2%         2d6       100%        5
 Metabolic Englaciation   Hex/Ice        1%         N/A       100%        5
 Silence                  Hex/Air        1%         N/A       100%        5
 Yara's Violent Unravell  Hex/Alch       1%         3d3       100%        5
 Bombard                  Conj/Erth      1%         9d1       100%        6
 Conjure Ball Lightning   Conj/Air       1%         3x3d6     100%        6
 Death Channel            Necr           1%         N/A       100%        6
 Dispersal                Tloc           1%         N/A       100%        6
 Eringya's Noxious Bog    Alch           1%         4d6       100%        6
 Plasma Beam              Fire/Air       1%         2x1d11    100%        6
 Summon Cactus Giant      Summ           1%         N/A       100%        6
 Enfeeble                 Hex            1%         N/A       100%        7
 Malign Gateway           Summ/Tloc      1%         N/A       100%        7
 Orb of Destruction       Conj           1%         9d5       100%        7
 Ozocubu's Refrigeration  Ice            1%         4d7       100%        7
 Spellforged Servitor     Conj/Summ      1%         N/A       100%        7
 Discord                  Hex            1%         N/A       100%        8
 Disjunction              Tloc           1%         N/A       100%        8
 Ignition                 Fire           1%         3d3       100%        8
 Infestation              Necr           1%         N/A       100%        8
 Polar Vortex             Ice            1%         N/A       100%        9
 Cigotuvi's Dreadful Rot  Necr/Alch/Air  Unusable   N/A       N/A         2
 Sublimation of Blood     Necr           Unusable   N/A       N/A         2

Dungeon Overview and Level Annotations

Branches:
Dungeon (15/15) Zot: 23318  Temple (1/1) D:4 Zot: 5998    Lair (5/5) D:8 Zot: 21173
  Swamp (4/4) Lair:2 Zot: 18306  Spider (4/4) Lair:3 Zot: 18703   Slime (5/5) Lair:5 Zot: 25570
    Orc (2/2) D:12 Zot: 9312     Elf (3/3) Orc:2 Zot: 12863  Vaults (5/5) D:13 Zot: 20782
  Crypt (3/3) Vaults:3 Zot: 15093    Tomb (0/3) Crypt:3      Depths (4/4) D:15 Zot: 12741
   Hell (visited)             Dis (4/7) Hell Zot: 26985     Geh (0/7) Hell
    Coc (7/7) Hell Zot: 26985     Tar (7/7) Hell Zot: 26985     Zot (4/5) Depths:4 Zot: 17620
 Bailey (visited)           IceCv (visited)         Gauntlet (visited)

Altars:
Ashenzari
Cheibriados
Dithmenos
Elyvilon
Fedhas
Gozag
Hepliaklqana
Kikubaaqudgha
Makhleb
Nemelex Xobeh
Okawaru
Qazlal
Ru
Sif Muna
Trog
Uskayaw
Vehumet
Wu Jian
Xom
Yredelemnul
Zin
The Shining One
Jiyva

Shops:
D:5 (   D:7 [   Orc:2 [(([   Vaults:2 (   Vaults:3 *   Depths:1 *   Depths:2 [
Depths:3 ([=:=:*

Portals:
Hell: Depths:1 Depths:2 Depths:3 Depths:4
Abyss: Depths:1 Depths:3
Pandemonium: Depths:1 Depths:2 Depths:4
Ziggurat: Depths:3

Annotations:
D:3 exclusion: 2 downstairs
Swamp:1 exclusion: downstairs
Spider:3 Roxanne
Orc:1 2 transporters, Segg's ghost, adept GnSk
Depths:2 2 transporters
Zot:2 3 runed translucent doors, Pongem's ghost, legendary MiAK
Zot:3 exclusion: downstairs


Innate Abilities, Weirdness & Mutations

You are immune to sickness and miasma.
Your stone body is resilient. (AC +20)
You are immune to poison.
Your large and strong wings let you fly.
You resist negative energy. (rN+)
You are resistant to electric shocks. (rElec)
You are resistant to unholy torment.
You are immune to petrification.
You have a somewhat thin skeletal structure. (Dex +2, Stealth+)
You possess an exceptional clarity of mind.
You are clumsy. (Dex -2)


Message History

A hellion comes into view.
The iron golem hits you but does no damage.
The iron golem hits you!!
Your angel hits the iron golem with a +1 whip of holy wrath.
Your angel hits the iron golem but does no damage.
You slice the quicksilver elemental like a ripe choko!!!
The quicksilver elemental is almost destroyed.
You hit the iron giant but do no damage.
You slice the iron golem!! x2
A quicksilver elemental comes into view.
You block the quicksilver elemental's attack.
You block the iron golem's attack. x2
Your angel hits the iron golem with a +1 whip of holy wrath!
Your angel hits the iron golem but does no damage.
The iron giant casts a spell at you. The iron shot hits you!!!
* * * LOW HITPOINT WARNING * * *
You block the quicksilver elemental's attack.
The iron golem closely misses you. The iron golem hits you!
* * * LOW HITPOINT WARNING * * *
Blink to where?
Press: ? - help, Dir - move target
As you read the scroll of blinking, it crumbles to dust.
A malevolent force fills the Iron City of Dis... and a teleportation trap spontaneously manifests!
You are yanked towards some nearby monsters!
Your surroundings suddenly seem different.
A quicksilver elemental comes into view.
Your angel hits the iron golem with a +1 whip of holy wrath!
Your angel hits the iron golem but does no damage.
The quicksilver elemental breathes dispelling energy at you.
The bolt of dispelling energy misses you.
The hellion gestures at you.
The sphere of damnation explodes!
The damnation engulfs you!!
* * * LOW HITPOINT WARNING * * *
The iron golem hits your angel!! x2
Your angel gestures.
Your angel is healed somewhat.
Unknown command.
Unknown command.
Blink to where?
Press: ? - help, Dir - move target
As you read the scroll of blinking, it crumbles to dust.
Press: ? - help, v - describe, . - travel
Here: a quicksilver elemental (catching its breath, haloed)
The floor.
Unknown command.
You feel much better. The hellion gestures at you.
The sphere of damnation explodes!
The damnation engulfs you!!
You die...

##################
.......@.........
##+######..E.....
#....... #.......
#......# #......#
#.....2# #...2..#
#####+###......##


You could see a quicksilver elemental and a hellion.

Vanquished Creatures
  Cerebov (Pan)
  Antaeus (Coc:7)
  the Royal Jelly (Slime:5)
  Gloorx Vloq (Pan)
  Ignacio (Pan)
  Mnoleg (Pan)
  Lom Lobon (Pan)
  Tiamat (Arena)
  4 dread liches
  4 ancient liches
  Mennas (Depths:4)
  Mara (Vaults:2)
  3 pandemonium lords (Pan)
  Xtahua (Depths:4)
  A royal mummy (Crypt:3)
  2 juggernauts
  Josephina (Arena)
  Boris (Depths:1)
  11 shard shrikes
  A curse toe (Zot:4)
  Geryon (Hell)
  8 caustic shrikes
  16 profane servitors
  10 golden dragons
  Arachne (Spider:3)
  22 bone dragons
  8 Brimstone Fiends (Pan)
  Nikola (Depths:1)
  17 Tzitzimimeh
  2 hellephants
  9 doom hounds
  A Hell Sentinel (Pan)
  26 tentacled monstrosities
  A walking earthen tome (Zot:3)
  23 Ice Fiends
  Jorgrun (Spider:1)
  8 liches
  Mlioglotl (Spider:4)
  19 tainted leviathans
  4 walking frostbound tomes
  5 walking divine tomes
  Rupert (Lair:3)
  11 deep elf blademasters
  11 deep elf master archers
  24 titans
  10 quicksilver dragons
  Asterion (Depths:1)
  10 sphinxes
  14 acid blobs
  21 Executioners (Pan)
  Murray (Depths:1)
  12 ancient champions
  5 thorn hunters
  4 tengu reavers
  4 tentacled starspawn
  Kirke (D:14)
  11 shadow dragons
  7 death cobs
  Donald (Swamp:2)
  4 fenstrider witches
  3 protean progenitors (Pan)
  11 storm dragons
  17 narguns
  7 draconian knights
  4 demonspawn warmongers (Pan)
  2 nagarajas (Pan)
  10 draconian monks
  15 fire giants
  3 revenants
  11 azure jellies
  6 rockslimes
  5 emperor scorpions
  3 deep elf sorcerers (Elf:3)
  3 draconian shifters
  13 vault wardens
  A quicksilver elemental (Dis:3)
  An iron dragon (Vaults:5)
  A spectral juggernaut (Tar:6)
  24 frost giants
  2 draconian scorchers
  3 orc warlords
  3 deep elf elementalists
  Louise (Spider:3)
  4 ghost moths
  5 ghouls
  8 shard shrike simulacra
  3 draconian stormcallers
  2 spectral caustic shrikes
  26 balrugs
  3 curse skulls
  A juggernaut zombie (Depths:3)
  A caustic shrike zombie (Crypt:2)
  5 draconian annihilators
  3 spriggan defenders
  21 reapers
  4 broodmothers
  3 caustic shrike skeletons (Pan)
  12 demonspawn blood saints (Pan)
  4 formless jellyfish
  10 quicksilver oozes
  10 ironbound preservers
  5 demonspawn corrupters (Pan)
  15 cacodemons (Pan)
  10 very ugly things
  25 stone giants
  2 juggernaut skeletons (Pan)
  16 putrid mouths
  5 ironbound thunderhulks
  8 vampire knights
  3 eleionomae
  15 elemental wellsprings
  8 yellow draconians
  2 deep elf demonologists (Elf:3)
  19 dire elephants
  11 green draconians
  15 white draconians
  8 demonspawn black suns (Pan)
  A minotaur (Gauntlet)
  7 deep elf death magi
  9 deep elf annihilators
  5 wendigos
  14 red draconians
  19 black draconians
  9 bunyips
  3 lorocyprocas (Pan)
  3 spectral titans
  12 purple draconians
  14 war gargoyles
  Nessos (D:14)
  7 eidola
  14 spark wasps
  2 spectral quicksilver dragons
  20 blizzard demons
  The ghost of groovy9 the Eclecticist, a journeyman DECj of Vehumet (Orc:2)
  12 green deaths (Pan)
  4 jiangshi
  Snorg (Lair:3)
  14 ettins
  2 crystal guardians (Vaults:4)
  2 iron golems
  7 fire dragons
  A spectral golden dragon (Tar:3)
  A spectral kraken (Tar:7)
  2 deep elf high priests
  3 mummy priests (Crypt:3)
  11 yaktaur captains
  2 spriggan zombies
  6 rakshasas
  5 entropy weavers
  7 great orbs of eyes
  2 shambling mangroves
  A fenstrider witch zombie (Crypt:3)
  29 vault guards
  4 spectral spriggans
  4 peacekeepers
  10 ice dragons
  12 hydras
  4 ogre magi
  4 spriggan skeletons
  3 hell beasts
  A ghost crab (Swamp:1)
  8 ironbound frosthearts
  An Orb Guardian zombie (Crypt:2)
  7 caustic shrike simulacra
  11 centaur warriors
  3 catoblepae
  2 spriggan air magi
  5 juggernaut simulacra
  A sphinx zombie (Vaults:4)
  6 jorogumos
  9 boulder beetles
  Erica (D:8)
  35 dancing weapons
  9 radroaches
  6 two-headed ogres
  7 alligators
  8 deep troll shamans
  A death knight (Crypt:2)
  A merfolk aquamancer (Pan)
  11 hell hogs
  7 deep troll earth magi
  11 tengu warriors
  7 vampire magi
  2 orc high priests
  17 demonic crawlers
  2 storm dragon zombies
  4 thrashing horrors
  2 spectral emperor scorpions (Pan)
  61 sun demons
  24 deep elf knights
  3 spriggan berserkers
  6 wretched stars (Abyss:2)
  An occultist (Swamp:4)
  3 titan skeletons
  3 crystal echidnas
  32 skeletal warriors
  21 soul eaters
  14 iron trolls
  7 goliath frogs
  3 salamander mystics
  26 sixfirhies
  2 hellephant skeletons (Pan)
  3 quicksilver dragon simulacra
  12 shadow wraiths
  3 death drakes
  13 orb spiders
  9 shadow demons
  An iron giant zombie (Crypt:2)
  2 spatial maelstroms (Abyss:2)
  A cherub (Pan)
  12 pharaoh ants
  3 flayed ghosts
  A glowing orange brain (shapeshifter) (Depths:3)
  5 glowing orange brains
  9 spriggan druids
  36 deep trolls
  13 bog bodies
  A spark wasp zombie (Depths:3)
  A mana viper (Abyss:1)
  2 spriggan simulacra
  6 arcanists
  18 deep elf archers
  23 lindwurms
  15 ironbound convokers
  6 steelbarb worms
  A spectral hydra (Tar:6)
  A lindwurm (shapeshifter) (Vaults:5)
  5 swamp dragons
  15 sun moths
  A harpy (shapeshifter) (D:11)
  12 phantasmal warriors
  37 deep elf pyromancers
  A broodmother zombie (Crypt:2)
  33 deep elf zephyrmancers
  5 harpies (Vaults:1)
  5 cyclopes
  A sphinx simulacrum (Depths:4)
  3 alligator zombies
  6 orc knights
  7 orc sorcerers
  7 will-o-the-wisps
  9 necromancers
  19 wolf spiders
  22 ugly things
  An alligator skeleton (Hell)
  6 shining eyes
  10 salamanders
  2 wolf spiders (shapeshifter)
  3 manticores
  2 worldbinders (Abyss:2)
  A meliai (shapeshifter) (Elf:1)
  16 moths of wrath
  A centaur zombie (Crypt:3)
  4 rust devils
  2 kobold blastminers (Orc:2)
  An iron dragon skeleton (Crypt:1)
  7 meliai
  5 titan simulacra
  An apocalypse crab (Abyss:2)
  3 black mambas
  6 eyes of devastation
  21 vault sentinels
  An ice statue (IceCv)
  A guardian serpent (shapeshifter) (Elf:2)
  20 orange demons
  A dire elephant zombie (Crypt:2)
  10 torpor snails
  30 smoke demons
  8 spectral swamp worms (Tar:7)
  5 unseen horrors
  39 large abominations
  2 gargoyles
  11 cane toads
  17 hellions
  2 kobold demonologists (D:14)
  36 yaktaurs
  11 komodo dragons
  An unseen horror (shapeshifter) (Elf:2)
  2 sea snake zombies (Hell)
  7 rime drakes
  12 tormentors
  11 efreet
  2 dire elephant skeletons
  12 freezing wraiths
  8 anaconda simulacra
  7 catoblepas skeletons
  A steelbarb worm zombie (Crypt:1)
  3 tengu conjurers
  A hydra zombie (Hell)
  19 ice devils
  4 iron giant simulacra
  A bunyip simulacrum (Crypt:2)
  A spectral harpy (Tar:3)
  21 hellwings
  35 guardian mummies (Crypt:3)
  Psyche (D:11)
  2 ancient zymes
  3 red devils (Pan)
  2 burning bushes (Lair:1)
  12 trolls
  10 polar bears
  A hydra skeleton (Crypt:2)
  A white draconian skeleton (Crypt:1)
  A sea snake skeleton (Hell)
  Grinder (D:4)
  A shadow dragon simulacrum (Crypt:2)
  7 blink frogs
  11 tyrant leeches
  4 raiju
  16 hornets
  A sun moth zombie (Crypt:3)
  25 tarantellas
  2 tengu simulacra
  A dream sheep (shapeshifter) (Elf:3)
  7 glass eyes
  3 iron dragon simulacra
  A harpy skeleton (Crypt:3)
  A tarantella zombie (Crypt:3)
  85 slime creatures
  A wind drake (shapeshifter) (Vaults:5)
  2 stone giant simulacra
  5 dream sheep
  23 culicivoras
  39 jumping spiders
  A shadow (D:12)
  13 spriggans
  An air elemental (Elf:1)
  6 wyverns
  3 water elementals
  10 wraiths
  A centaur simulacrum (D:15)
  13 ynoxinuls (Pan)
  28 yaks
  A yak (shapeshifter) (Depths:3)
  An ettin skeleton (Vaults:4)
  27 starcursed masses
  8 ushabtiu (Crypt:3)
  Eustachio (D:4)
  6 golden eyes
  7 dire elephant simulacra
  Grum (D:8)
  4 fire elementals
  5 hogs
  11 neqoxecs
  9 wargs
  5 basilisks
  3 death yak simulacra (IceCv)
  4 steam dragons
  16 vampire mosquitoes
  A sea snake simulacrum (Hell)
  43 redbacks
  Menkaure (D:4)
  13 swamp worms
  A naga zombie (Abyss:2)
  12 chaos spawn
  3 acid dragons
  10 harpy simulacra
  2 spatial vortices (Abyss:2)
  2 hydra simulacra
  9 water moccasins
  A snapping turtle zombie (Crypt:3)
  4 swamp drakes
  18 hell hounds
  34 orc warriors
  An ice beast (D:6)
  An ice dragon simulacrum (Coc:1)
  14 black bears
  9 small abominations
  7 laughing skulls
  10 ogres
  23 wolves
  5 boggarts
  11 centaurs
  A swamp dragon skeleton (Crypt:2)
  A manticore skeleton (Crypt:2)
  Blork the orc (D:5)
  3 phantoms
  A brain worm (Abyss:2)
  4 kobold brigands
  A vine stalker zombie (Crypt:3)
  A yaktaur zombie (Crypt:3)
  7 earth elementals
  4 gnoll sergeants
  3 scorpions (D:5)
  10 bullfrogs
  3 cane toad simulacra (IceCv)
  A glowing shapeshifter simulacrum (Vaults:4)
  2 two-headed ogre simulacra (IceCv)
  5 wights
  3 elephant simulacra (IceCv)
  A raiju zombie (Crypt:3)
  5 killer bees (D:8)
  A swamp dragon simulacrum (Crypt:2)
  A troll skeleton (Crypt:1)
  A wolf zombie (Crypt:3)
  3 howler monkeys (D:12)
  11 electric eels
  2 quasits (Abyss:1)
  A basilisk zombie (Crypt:3)
  Crazy Yiuf (D:5)
  4 bombardier beetles
  6 jellies
  19 orc priests
  6 hounds
  2 gnoll boudas
  7 iguanas
  Ijyb (D:4)
  27 orc wizards
  10 hell rats
  6 polar bear simulacra (IceCv)
  A troll simulacrum (IceCv)
  5 wolf simulacra (IceCv)
  A crocodile skeleton (Crypt:1)
  A naga skeleton (Crypt:2)
  A boggart simulacrum (D:11)
  6 mummies (Crypt:3)
  8 adders
  22 gnolls
  3 naga simulacra
  A swamp drake skeleton (Crypt:2)
  A shadow imp (D:7)
  8 white imps
  4 ufetubi
  8 dart slugs
  119 orcs
  5 endoplasms
  14 goblins
  8 hobgoblins
  30 kobolds
  7 quokkas
  3 training dummies (D:5)
  3 ball pythons
  A ball python zombie (Crypt:1)
  5 bats
  3 frilled lizards
  A giant cockroach zombie (Crypt:2)
  2 goblin zombies
  A jackal skeleton (Crypt:1)
  A quokka zombie (Crypt:2)
  2 rats
  A river rat zombie (Crypt:3)
  2 ball lightnings (Pan)
  A butterfly (Swamp:1)
  4 fire vortices (Pan)
  6 spectral weapons
  6 starspawn tentacles
  2 tentacles (Tar:7)
3473 creatures vanquished.

Vanquished Creatures (collateral kills)
  Ereshkigal (Tar:7)
  the Serpent of Hell (Coc:7)
  A shard shrike (Coc:7)
  3 profane servitors (Tar:7)
  A doom hound (Tar:7)
  A tentacled monstrosity (Pan)
  2 Ice Fiends (Coc:7)
  An ancient champion (Dis:3)
  A nargun (Coc:7)
  A cacodemon (Pan)
  A demonspawn corrupter (Pan)
  A reaper (Pan)
  2 wendigos (Coc:7)
  A dancing weapon (Pan)
  A spectral emperor scorpion (Pan)
  A sun demon (Pan)
  A shadow demon (Pan)
  An efreet (Pan)
  A tormentor (Dis:3)
  A ynoxinul (Pan)
  2 neqoxecs (Pan)
  A hell rat (Hell)
27 creatures vanquished.

Vanquished Creatures (others)
  A fire giant (Depths:3)
  A demonspawn blood saint (Pan)
  2 elemental wellsprings (Coc:7)
  2 wendigos
  A green death (Pan)
  A jiangshi (Crypt:3)
  A caustic shrike simulacrum (Coc:4)
  6 deep elf knights
  A sun demon (Depths:2)
  2 quicksilver dragon simulacra
  A deep elf pyromancer (Elf:1)
  A titan simulacrum (Depths:4)
  A guardian mummy (Crypt:3)
  An anaconda simulacrum (Coc:4)
  An orb spider zombie (Crypt:3)
  A bloated husk (Swamp:2)
  An ice devil (Hell)
  A culicivora (Spider:3)
  2 ynoxinuls (Pan)
  2 water elementals (Depths:1)
  2 dire elephant simulacra
  A harpy simulacrum (Coc:5)
  A hydra simulacrum (Coc:5)
  An ettin simulacrum (Coc:1)
  A naga simulacrum (Coc:5)
  A goblin (D:10)
  A ball lightning (Pan)
  A creeping inferno (Hell)
  10 foxfires
  A lurking horror (Abyss:2)
  6 starspawn tentacles
  3 tentacles (Tar:7)
59 creatures vanquished.

Grand Total: 3559 creatures vanquished

Notes
Turn   | Place    | Note
-------+----------+-------------------------------------------
     0 | D:1      | shadowrider38 the Gargoyle Gladiator began the quest for
                  | the Orb.
     0 | D:1      | Reached XP level 1. HP: 12/12 MP: 1/1
   211 | D:1      | Reached skill level 3 in Axes
   412 | D:1      | Reached XP level 2. HP: 11/18 MP: 2/2
   870 | D:2      | Reached XP level 3. HP: 19/22 MP: 3/3
  1138 | D:2      | Reached skill level 3 in Fighting
  1247 | D:2      | Reached XP level 4. HP: 28/28 MP: 4/4
  1291 | D:2      | You fall into a shaft and drop 2 floors!
  2326 | D:3      | Found a bloodstained altar of Trog.
  2389 | D:3      | Reached XP level 5. HP: 17/33 MP: 5/5
  2611 | D:4      | Found a staircase to the Ecumenical Temple.
  2630 | Temple   | Entered the Ecumenical Temple
  2644 | D:4      | Noticed a black bear
  2732 | D:4      | Noticed Grinder
  2803 | D:4      | Killed a black bear
  2804 | D:4      | Reached XP level 6. HP: 15/39 MP: 6/6
  3018 | D:4      | Paralysed by Grinder for 5 turns
  3091 | D:4      | Noticed Ijyb
  3111 | D:4      | Killed Ijyb
  3183 | D:4      | Noticed Eustachio
  3392 | D:4      | Noticed Menkaure
  3393 | D:4      | what the hell
  3405 | D:4      | Killed Menkaure
  3406 | D:4      | Reached XP level 7. HP: 44/44 MP: 7/7
  3599 | D:5      | Entered Level 5 of the Dungeon
  4217 | D:5      | Found Isikhlaem's Firing Range.
  4391 | D:5      | Reached XP level 8. HP: 33/48 MP: 8/8
  4837 | D:5      | Found a runed translucent door.
  4838 | D:5      | Noticed Crazy Yiuf
  4979 | D:5      | Noticed Blork the orc
  4991 | D:5      | Killed Blork the orc
  5256 | D:4      | Killed Eustachio
  5696 | D:6      | Identified the +9 war axe "Zoiwniath" {flame, rCorr MP-9
                  | Str+4}
  5738 | D:5      | Reached skill level 3 in Armour
  5833 | D:6      | Reached skill level 9 in Axes
  6035 | D:6      | Reached XP level 9. HP: 54/54 MP: 0/9
  6177 | D:6      | Found an ornate altar of the Wu Jian Council.
  6185 | D:6      | Found a radiant altar of Vehumet.
  6188 | D:6      | Found a white marble altar of Elyvilon.
  6229 | D:6      | Became a worshipper of Elyvilon the Healer
  6249 | D:6      | Identified the +0 robe of Tungib {Archmagi}
  7052 | D:7      | Reached * piety under Elyvilon
  7336 | D:7      | Found Ibru's Armour Shop.
  7373 | D:7      | Reached skill level 3 in Evocations
  7531 | D:5      | Killed Crazy Yiuf
  7907 | D:4      | Paralysed by Grinder for 2 turns
  7912 | D:4      | Killed Grinder
  8159 | D:8      | Reached XP level 10. HP: 62/63 MP: 1/10
  8264 | D:8      | Reached ** piety under Elyvilon
  8295 | D:8      | Found a staircase to the Lair.
  8348 | D:8      | Noticed Grum
  8361 | D:8      | Killed Grum
  8765 | D:8      | Noticed Erica
  8771 | D:8      | Killed Erica
  8848 | D:8      | Found a shimmering blue altar of Sif Muna.
 10225 | D:10     | Entered Level 10 of the Dungeon
 10244 | D:10     | Reached *** piety under Elyvilon
 10288 | D:10     | Found a glowing golden altar of the Shining One.
 10333 | D:10     | Noticed a gargoyle
 10340 | D:10     | Killed a gargoyle
 10341 | D:10     | Reached skill level 3 in Dodging
 10405 | D:10     | Found a flagged portal.
 10422 | D:10     | Reached XP level 11. HP: 68/69 MP: 2/11
 10438 | Bailey   | Entered a bailey
 11488 | D:10     | Found a viscous altar of Jiyva.
 11678 | D:10     | Found an iron altar of Okawaru.
 11690 | D:10     | Fell from the grace of Elyvilon
 11690 | D:10     | Became a worshipper of Warmaster Okawaru
 11772 | D:10     | Found a stormy altar of Qazlal.
 12058 | Lair:1   | Entered Level 1 of the Lair of Beasts
 12097 | Lair:1   | Reached skill level 9 in Fighting
 12294 | Lair:1   | Reached * piety under Okawaru
 12308 | Lair:1   | Found a frozen archway.
 12354 | IceCv    | Entered an ice cave
 12622 | IceCv    | Reached ** piety under Okawaru
 13044 | IceCv    | Found an ancient bone altar of Kikubaaqudgha.
 13122 | IceCv    | Reached XP level 12. HP: 77/77 MP: 1/14
 13123 | IceCv    | Reached skill level 3 in Invocations
 13982 | IceCv    | Reached *** piety under Okawaru
 15048 | IceCv    | Reached **** piety under Okawaru
 15192 | IceCv    | Got Ebraj's Volume of Charnel Hoarfrost
 15877 | Lair:2   | Reached skill level 3 in Shields
 16362 | Lair:2   | Reached ***** piety under Okawaru
 16396 | Lair:2   | Noticed a four-headed hydra
 16407 | Lair:2   | Killed a one-headed hydra
 16901 | Lair:2   | Found a staircase to the Swamp.
 17148 | Lair:3   | Received a gift from Okawaru
 17166 | Lair:3   | Reached XP level 13. HP: 66/83 MP: 6/15
 17240 | Lair:3   | Found a hole to the Spider Nest.
 17408 | Lair:3   | Reached skill level 15 in Axes
 17421 | Lair:3   | Noticed Rupert
 17775 | Lair:3   | Received a gift from Okawaru
 17908 | Lair:3   | Identified the +8 glaive of Yeast {holy, Fly Int+4 SInv}
 19320 | Lair:5   | Entered Level 5 of the Lair of Beasts
 19365 | Lair:5   | Found a staircase to the Slime Pits.
 19387 | Lair:5   | Found a gate leading to a gauntlet.
 19400 | Gauntlet | Entered a Gauntlet
 19400 | Gauntlet | Found a transporter.
 19400 | Gauntlet | Found a transporter.
 19401 | Gauntlet | Found a transporter.
 19403 | Gauntlet | Found a transporter.
 19404 | Gauntlet | Found a transporter.
 19404 | Gauntlet | Found a transporter.
 19418 | Gauntlet | Found a transporter.
 19427 | Gauntlet | Noticed a quicksilver ooze
 19428 | Gauntlet | Found a transporter.
 19458 | Gauntlet | Found a transporter.
 19530 | Gauntlet | Found a transporter.
 19534 | Gauntlet | Found a transporter.
 19544 | Gauntlet | Found a transporter.
 19795 | Gauntlet | Identified the +0 pair of gloves of Fortitude {Harm *Slow
                  | rF+ rN+ Stlth+}
 19866 | Gauntlet | Identified the +1 quarterstaff of Myefamog {freeze, rPois
                  | Dex+2}
 19866 | Gauntlet | Noticed a minotaur
 19878 | Gauntlet | Killed a minotaur
 20500 | Lair:5   | Received a gift from Okawaru
 20621 | Lair:5   | Gained mutation: Your large and strong wings let you fly.
                  | [Gargoyle growth]
 20621 | Lair:5   | Reached XP level 14. HP: 92/92 MP: 9/18
 21294 | Lair:5   | Received a gift from Okawaru
 22310 | Lair:5   | Reached skill level 9 in Armour
 22344 | Lair:5   | Identified the +0 ring mail "Xyegil" {-Tele Will++ Dex+5}
 22677 | Lair:3   | Noticed Snorg
 23200 | D:11     | Noticed Psyche
 23209 | D:11     | Killed Psyche
 23284 | D:11     | Received a gift from Okawaru
 24240 | D:11     | Received a gift from Okawaru
 24989 | D:12     | Identified a scroll of acquirement
 25184 | D:12     | Reached XP level 15. HP: 69/100 MP: 12/21
 25368 | D:12     | Found a staircase to the Orcish Mines.
 25811 | D:12     | Reached skill level 15 in Fighting
 26157 | Orc:1    | Entered Level 1 of the Orcish Mines
 26352 | Orc:1    | Found a transporter.
 26356 | Orc:1    | Noticed Segg's ghost (adept GnSk)
 26372 | Orc:1    | Found a transporter.
 26587 | Orc:2    | Entered Level 2 of the Orcish Mines
 26707 | Orc:2    | Received a gift from Okawaru
 26880 | Orc:2    | Found a staircase to the Elven Halls.
 27208 | Orc:2    | Noticed an orc warlord
 27235 | Orc:2    | Killed an orc warlord
 27331 | Orc:2    | Found Qiguj's Antique Armour Shoppe.
 27333 | Orc:2    | Found Goefona's Antique Weapon Emporium.
 27630 | Orc:2    | Found a runed translucent gate.
 27632 | Orc:2    | Noticed groovy9's ghost (journeyman DECj)
 27694 | Orc:2    | Found a runed translucent gate.
 27694 | Orc:2    | Found a runed translucent gate.
 27812 | Orc:2    | Found Qiptame's Weapon Boutique.
 27868 | Orc:2    | Found Weulot's Antique Armour Shop.
 28352 | Orc:2    | Bought a runed helmet for 150 gold pieces
 28352 | Orc:2    | Bought an embroidered scarf for 160 gold pieces
 28997 | D:13     | Reached ****** piety under Okawaru
 28998 | D:13     | Reached skill level 9 in Shields
 28999 | D:13     | Acquired the +9 broad axe "Saheoj" {god gift, flame, +Blink
                  | Will++ Int+4}
 28999 | D:13     | Received a gift from Okawaru
 29004 | D:13     | Acquired 781 gold pieces
 29073 | D:13     | Reached skill level 9 in Invocations
 29219 | D:13     | Received a gift from Okawaru
 29316 | D:13     | Found a gate to the Vaults.
 29544 | D:13     | Noticed a frost giant
 29552 | D:13     | Killed a frost giant
 29718 | D:14     | Noticed Kirke
 29723 | D:14     | Noticed a sphinx
 29851 | D:14     | Killed Kirke
 30166 | D:14     | Received a gift from Okawaru
 30470 | D:14     | Reached XP level 16. HP: 110/110 MP: 23/23
 30803 | D:14     | Acquired 829 gold pieces
 30827 | D:15     | Entered Level 15 of the Dungeon
 31447 | D:15     | Found a staircase to the Depths.
 31660 | D:15     | Received a gift from Okawaru
 32020 | Swamp:1  | Entered Level 1 of the Swamp
 32624 | Swamp:1  | Noticed a thorn hunter
 32638 | Swamp:1  | Killed a thorn hunter
 32838 | Swamp:1  | Received a gift from Okawaru
 34260 | Swamp:2  | Noticed Donald
 34261 | Swamp:2  | Noticed a thorn hunter
 34472 | Swamp:2  | Killed a thorn hunter
 35019 | Swamp:2  | Killed Donald
 35207 | D:14     | Noticed Nessos
 35213 | D:14     | Killed Nessos
 36146 | Swamp:3  | Received a gift from Okawaru
 36448 | Swamp:3  | Noticed a thorn hunter
 36464 | Swamp:3  | Killed a thorn hunter
 36595 | Swamp:3  | Reached XP level 17. HP: 101/119 MP: 24/24
 36683 | Swamp:3  | Identified the +7 short sword of Jinov {freeze, rC+++ Will-
                  | Str-4 Int+4}
 36934 | Swamp:3  | Received a gift from Okawaru
 37562 | Lair:3   | Killed Snorg
 37724 | Lair:3   | Killed Rupert
 38000 | Spider:1 | Entered Level 1 of the Spider Nest
 38359 | Spider:1 | Received a gift from Okawaru
 39132 | Spider:1 | Received a gift from Okawaru
 39625 | Spider:1 | Noticed Jorgrun
 39660 | Spider:1 | Killed Jorgrun
 40282 | Spider:2 | Received a gift from Okawaru
 40890 | Spider:2 | Reached XP level 18. HP: 98/128 MP: 25/25
 41274 | Spider:3 | Noticed Louise
 41308 | Spider:3 | Killed Louise
 41552 | Spider:3 | Received a gift from Okawaru
 41794 | Spider:3 | Acquired the +7 tower shield of the Spider Nest {god gift,
                  | Dex+5 Stlth+}
 41794 | Spider:3 | Received a gift from Okawaru
 42285 | Spider:3 | Noticed Arachne
 42295 | Spider:3 | Killed Arachne
 42314 | Spider:3 | Received a gift from Okawaru
 42411 | Spider:3 | Noticed Roxanne
 42816 | Elf:1    | Entered Level 1 of the Elven Halls
 42886 | Elf:1    | Paralysed by an air elemental for 1 turns
 42889 | Elf:1    | Paralysed by an air elemental for 1 turns
 42965 | Elf:1    | Reached skill level 15 in Shields
 43228 | Elf:1    | Identified the beast talisman "Uphappiw" {Int+4}
 43311 | Elf:1    | Received a gift from Okawaru
 44177 | Elf:2    | Received a gift from Okawaru
 44184 | Elf:2    | Reached XP level 19. HP: 135/135 MP: 26/26
 44367 | Elf:2    | Found a runed translucent gate.
 44368 | Elf:2    | Found a runed translucent gate.
 44368 | Elf:2    | Found a runed translucent gate.
 44942 | Swamp:4  | Entered Level 4 of the Swamp
 45305 | Swamp:4  | Received a gift from Okawaru
 45363 | Swamp:4  | Noticed a tentacled monstrosity
 45375 | Swamp:4  | Killed a tentacled monstrosity
 45746 | Swamp:4  | Got a decaying rune of Zot
 45828 | Swamp:4  | Received a gift from Okawaru
 46053 | Spider:4 | Entered Level 4 of the Spider Nest
 46138 | Spider:4 | Noticed Mlioglotl
 46151 | Spider:4 | Killed Mlioglotl
 46358 | Spider:4 | Received a gift from Okawaru
 46543 | Spider:4 | Got a gossamer rune of Zot
 47487 | Elf:3    | Entered Level 3 of the Elven Halls
 48060 | Elf:3    | Received a gift from Okawaru
 48061 | Elf:3    | Reached XP level 20. HP: 142/142 MP: 27/27
 48810 | Elf:3    | Reached skill level 3 in Throwing
 48936 | Elf:3    | Received a gift from Okawaru
 48955 | Elf:3    | Reached skill level 21 in Fighting
 49351 | Elf:3    | Identified the staff "Hunupsul" {*Corrode rElec rN+ Str+5
                  | Necro}
 49472 | Elf:3    | Identified the +7 morningstar "Rougogap" {venom, rC+ Str+2}
 49473 | Elf:3    | Identified the +9 flail "Spiderslayer" {vamp, rElec Str+4}
 49499 | Elf:3    | Identified the +0 chain mail "Jakots" {rN+ Str-4 Dex+5}
 49544 | Elf:3    | Identified the +1 leather armour of Fukkeiv {-Cast +Blink
                  | rPois rCorr}
 49553 | Elf:3    | Got the Meditations on Frozen Confrontation
 49595 | Elf:3    | Identified the ring "Wuppopo" {+Blink Fly Int+4}
 49597 | Elf:3    | Got the Codex of Invitation and Ignition
 49612 | Elf:3    | Identified the +1 short sword of Brawling {speed, rElec rN+
                  | Will- SInv Stlth+}
 49910 | Vaults:1 | Entered Level 1 of the Vaults
 50363 | Vaults:1 | Received a gift from Okawaru
 50729 | Vaults:1 | Received a gift from Okawaru
 51184 | Vaults:1 | Reached XP level 21. HP: 133/150 MP: 28/28
 51369 | Vaults:1 | Acquired the +2 pair of gloves of Negligence {rElec rPois
                  | Will++ Dex-4}
 51463 | Vaults:1 | Received a gift from Okawaru
 51550 | Vaults:2 | Noticed Mara
 51602 | Vaults:2 | Noticed shadowrider38's illusion
 51617 | Vaults:2 | Killed Mara
 52038 | Vaults:2 | Found Viasas's Antique Weapon Emporium.
 52040 | Vaults:2 | Identified the +0 chain mail "Caoblodo" {rPois Will+
                  | Stlth+}
 52643 | Vaults:2 | Received a gift from Okawaru
 53203 | Vaults:3 | Found Monaepni's Assorted Antiques.
 53251 | Vaults:3 | Bought a potion of might for 172 gold pieces
 53604 | Vaults:3 | Received a gift from Okawaru
 53869 | Vaults:3 | Found a staircase to the Crypt.
 53869 | Vaults:3 | Found an ancient bone altar of Kikubaaqudgha.
 53870 | Vaults:3 | Found a basalt altar of Yredelemnul.
 54958 | Vaults:4 | Received a gift from Okawaru
 55155 | Vaults:4 | Reached skill level 9 in Throwing
 55332 | Vaults:4 | Reached XP level 22. HP: 156/156 MP: 30/30
 56090 | Depths:1 | Entered Level 1 of the Depths
 56097 | Depths:1 | Found a one-way gate to the infinite horrors of the Abyss.
 56122 | Depths:1 | Found a burning altar of Makhleb.
 56123 | Depths:1 | Found a stormy altar of Qazlal.
 56128 | Depths:1 | Found an opulent altar of Gozag.
 56128 | Depths:1 | Found a basalt altar of Yredelemnul.
 56181 | Depths:1 | Reached skill level 3 in Shapeshifting
 56440 | Depths:1 | Noticed a golden dragon
 56440 | Depths:1 | Identified the ring "Hifudare" {+Blink Fly AC+4 Str-5
                  | Int+6}
 56448 | Depths:1 | Received a gift from Okawaru
 56499 | Depths:1 | Noticed Asterion
 56760 | Depths:1 | Killed a golden dragon
 56761 | Depths:1 | Reached skill level 21 in Shields
 56768 | Depths:1 | Killed Asterion
 57527 | Depths:1 | Noticed Nikola
 57538 | Depths:1 | Killed Nikola
 57538 | Depths:1 | Received a gift from Okawaru
 57957 | Depths:1 | Noticed a golden dragon
 57968 | Depths:1 | Killed a golden dragon
 58227 | Depths:1 | Found a burning altar of Makhleb.
 58230 | Depths:1 | Found Lewnah's Evil Emporium.
 58370 | Depths:1 | Found a gateway to Hell.
 58450 | Depths:1 | Noticed Boris
 58462 | Depths:1 | Killed Boris
 58699 | Depths:1 | Found a one-way gate leading to the halls of Pandemonium.
 58846 | Depths:2 | Found a transporter.
 58848 | Depths:2 | Found a transporter.
 58851 | Depths:2 | Found a viscous altar of Jiyva.
 59071 | Depths:2 | Received a gift from Okawaru
 59197 | Depths:2 | Noticed a juggernaut
 59209 | Depths:2 | Killed a juggernaut
 59743 | Depths:2 | Found Qexompos's Armour Emporium.
 60108 | Depths:3 | Noticed a caustic shrike
 60130 | Depths:3 | Killed a caustic shrike
 60186 | Depths:3 | Found Teew's Armour Boutique.
 60196 | Depths:3 | Reached XP level 23. HP: 150/162 MP: 28/32
 60258 | Depths:3 | Noticed a golden dragon
 60277 | Depths:3 | Killed a golden dragon
 60371 | Depths:3 | Found Vogypige's Jewellery Emporium.
 60371 | Depths:3 | Found Ymaho's Book Boutique.
 60373 | Depths:3 | Found Hocvenga's Jewellery Emporium.
 60417 | Depths:3 | Found Zoshij's General Store.
 60422 | Depths:3 | Bought a scroll of enchant armour for 135 gold pieces
 60440 | Depths:3 | Found Eptuevet's Book Shoppe.
 60461 | Depths:3 | Found a one-way gateway to a ziggurat.
 60532 | Depths:3 | Identified the +5 quarterstaff of the Goat {flame, rF-
                  | Will+ Int+4 Dex+3}
 60612 | Depths:3 | Received a gift from Okawaru
 60719 | Depths:3 | Noticed a golden dragon
 60729 | Depths:3 | Killed a golden dragon
 61209 | Depths:3 | Identified the +0 ring mail of Atheism {rElec rN+ Int+5
                  | Stlth-}
 61245 | Depths:3 | Identified the staff "Isosudal" {rN+ Str+3 Necro}
 61483 | Depths:3 | Found Xupoesub's Weapon Shoppe.
 61537 | Depths:3 | Reached skill level 9 in Evocations
 61868 | Depths:3 | Found the amulet of the Air {Inacc Air Fly rElec RMsl}
 61991 | Depths:3 | Noticed a juggernaut
 62006 | Depths:3 | Killed a juggernaut
 62006 | Depths:3 | Received a gift from Okawaru
 62604 | Depths:3 | Found Xupoesub's Weapon Shoppe.
 62851 | Depths:3 | Found Vogypige's Jewellery Emporium.
 62851 | Depths:3 | Found Ymaho's Book Boutique.
 62853 | Depths:3 | Found Hocvenga's Jewellery Emporium.
 62883 | Depths:3 | Found Zoshij's General Store.
 62909 | Depths:3 | Found Eptuevet's Book Shoppe.
 62913 | Depths:3 | Found a one-way gateway to a ziggurat.
 63182 | Depths:3 | Found Teew's Armour Boutique.
 63527 | Depths:4 | Entered Level 4 of the Depths
 63527 | Depths:4 | Identified the ring "Gaetrymm" {Ice ^Contam rPois Int+3
                  | SInv}
 63527 | Depths:4 | Noticed Josephina
 63528 | Depths:4 | Noticed Xtahua
 63600 | Depths:4 | Found a sparkling altar of Nemelex Xobeh.
 63993 | Arena    | Entered the Arena
 64003 | Arena    | Killed Josephina
 64076 | Depths:4 | Killed Xtahua
 64120 | Depths:4 | Received a gift from Okawaru
 64797 | Depths:4 | Noticed Mennas
 64836 | Depths:4 | Reached XP level 24. HP: 128/168 MP: 33/33
 65167 | Depths:4 | Found a gate to the Realm of Zot.
 65500 | Depths:4 | Reached skill level 15 in Armour
 65809 | Depths:4 | Identified the +1 broad axe of Edannes {freeze, Fly}
 66161 | Depths:4 | Killed Mennas
 66288 | Depths:4 | Received a gift from Okawaru
 67466 | Vaults:5 | Entered Level 5 of the Vaults
 67993 | Vaults:5 | Received a gift from Okawaru
 68668 | Vaults:5 | Reached skill level 15 in Invocations
 68908 | Vaults:5 | Received a gift from Okawaru
 68923 | Vaults:5 | Identified the ring "Soetumeg" {EV+5 Dex+3}
 68980 | Vaults:5 | Identified the ring "Myug" {Fire rPois Will+ Dex+3}
 69009 | Vaults:5 | Identified the +3 leather armour of the Thistle {Rampage
                  | rC+ Will+ Str-2}
 69097 | Vaults:5 | Got a silver rune of Zot
 69125 | Vaults:5 | Got the Elucidation of Puissant Congelation
 69154 | Vaults:5 | Got Pieng's Elucidation of the Weathered Compass
 69162 | Vaults:5 | Identified the +1 war axe of Zoroh {elec, Dex+3}
 69165 | Vaults:5 | Identified the +4 falchion of Starshine {pain, rCorr MP+9}
 69247 | Vaults:5 | Noticed an ancient lich
 69253 | Vaults:5 | Killed an ancient lich
 69254 | Vaults:5 | Reached XP level 25. HP: 176/176 MP: 34/34
 69362 | Vaults:5 | Identified the +0 pair of gloves "Bylaihee" {rC+ Dex+6}
 69365 | Vaults:5 | Identified the +9 dagger "Pagadom" {holy, *Rage Fly Will+
                  | Str+5}
 69372 | Vaults:5 | Identified the +8 dagger "Othrul" {drain, rElec Str+5}
 69474 | Vaults:5 | Noticed an ancient lich
 69481 | Vaults:5 | Killed an ancient lich
 69651 | Vaults:5 | Identified the +7 quarterstaff of the Thoughtful Hells
                  | {flame, rN+ Stlth+}
 69975 | Vaults:5 | Received a gift from Okawaru
 70480 | Slime:1  | Entered Level 1 of the Pits of Slime
 70785 | Slime:5  | Entered Level 5 of the Pits of Slime
 70933 | Slime:5  | Gained mutation: You are clumsy. (Dex -2) [a shining eye]
 70993 | Slime:5  | Noticed the Royal Jelly
 71003 | Slime:5  | Killed the Royal Jelly
 71305 | Slime:5  | Identified the +11 flail of Precise Incision {heavy, rPois
                  | Str+2 Int-5}
 71316 | Slime:5  | Identified the +11 mace "Rykeoc" {protect, rF+}
 71383 | Slime:5  | Identified the ring "Seelutapn" {Fly rPois rF+ Str+3}
 71387 | Slime:5  | Got a slimy rune of Zot
 71418 | Slime:5  | Identified the ring "Put-Me-On" {Wiz Str+5 Dex-4}
 71480 | Slime:5  | Identified the +4 great sword "Herim" {flame, Str+4}
 71669 | Slime:5  | Received a gift from Okawaru
 71673 | Slime:5  | Gained mutation: Your health recovers twice as slowly from
                  | being drained. [a shining eye]
 72461 | Depths:1 | Voluntarily entered the Abyss.
 72471 | Abyss:1  | Found a corrupted altar of Lugonu.
 72472 | Abyss:1  | Found a corrupted altar of Lugonu.
 72478 | Abyss:1  | Found a corrupted altar of Lugonu.
 72942 | Abyss:2  | Found a corrupted altar of Lugonu.
 72944 | Abyss:2  | Found a corrupted altar of Lugonu.
 72944 | Abyss:2  | Found a corrupted altar of Lugonu.
 73038 | Abyss:2  | Found a corrupted altar of Lugonu.
 73094 | Abyss:2  | HP: 8/178 [hellion/damnation (35)]
 73096 | Arena    | Entered the Arena
 73385 | Abyss:2  | Noticed a dread lich
 73393 | Abyss:2  | Killed a dread lich
 73393 | Abyss:2  | Received a gift from Okawaru
 73569 | Depths:1 | Escaped the Abyss
 73665 | Depths:1 | Voluntarily entered the Abyss.
 73674 | Abyss:2  | Found a corrupted altar of Lugonu.
 73886 | Abyss:2  | Found a corrupted altar of Lugonu.
 74120 | Abyss:3  | Got an abyssal rune of Zot
 74155 | Abyss:3  | Reached XP level 26. HP: 166/185 MP: 35/35
 74168 | Depths:1 | Escaped the Abyss
 74373 | Zot:1    | Entered Level 1 of the Realm of Zot
 74745 | Zot:1    | Received a gift from Okawaru
 75446 | Zot:1    | Noticed a dread lich
 75461 | Zot:1    | Killed a dread lich
 75461 | Zot:1    | Received a gift from Okawaru
 75628 | Zot:1    | Noticed a dread lich
 75638 | Zot:1    | Killed a dread lich
 76395 | Zot:2    | Found a runed translucent gate.
 76395 | Zot:2    | Found a runed translucent gate.
 76395 | Zot:2    | Found a runed translucent gate.
 76396 | Zot:2    | Noticed Pongem's ghost (legendary MiAK)
 76654 | Zot:2    | Found the +4 dragonskin cloak
 76654 | Zot:2    | Noticed Tiamat
 76658 | Arena    | Entered the Arena
 76974 | Arena    | Entered the Arena
 77004 | Arena    | Killed Tiamat
 77167 | Zot:2    | Received a gift from Okawaru
 78161 | Zot:3    | Acquired the +1 pair of boots of Starshine {rC+ Will+
                  | Stlth-}
 78776 | Zot:3    | Reached XP level 27. HP: 172/193 MP: 36/36
 78874 | Zot:3    | Found a shimmering blue altar of Sif Muna.
 79283 | Zot:3    | Received a gift from Okawaru
 81101 | D:10     | Fell from the grace of Okawaru
 81101 | D:10     | Became a worshipper of the Shining One
 81343 | Orc:2    | Killed groovy9's ghost
 82154 | Elf:3    | Got the Directory of the Grim Summer
 82538 | Crypt:1  | Entered Level 1 of the Crypt
 82610 | Crypt:1  | Reached * piety under the Shining One
 82764 | Crypt:1  | Reached ** piety under the Shining One
 83168 | Crypt:1  | Reached *** piety under the Shining One
 83388 | Crypt:2  | Reached **** piety under the Shining One
 83574 | Crypt:2  | Reached ***** piety under the Shining One
 83581 | Crypt:2  | Reached skill level 9 in Dodging
 84007 | Crypt:3  | Entered Level 3 of the Crypt
 84058 | Crypt:3  | Reached ****** piety under the Shining One
 84083 | Crypt:3  | Noticed an ancient lich
 84092 | Crypt:3  | Killed an ancient lich
 84129 | Crypt:3  | Identified a +9 broad axe of holy wrath (a +8 antimagic
                  | broad axe blessed by the Shining One)
 84129 | Crypt:3  | Received a gift from the Shining One
 84392 | Crypt:3  | Noticed a royal mummy
 84413 | Crypt:3  | Killed a royal mummy
 85205 | Crypt:3  | Found a staircase to the Tomb.
 85744 | Hell     | Entered the Vestibule of Hell
 85744 | Hell     | Noticed Geryon
 85746 | Hell     | Noticed Murray
 85772 | Depths:1 | Killed Murray
 86594 | Hell     | Killed Geryon
 86650 | Hell     | Found a gateway to the ashen valley of Gehenna.
 86789 | Hell     | Found a gateway to the Iron City of Dis.
 86965 | Hell     | Found a gateway to the freezing wastes of Cocytus.
 87034 | Hell     | Found a gateway to the decaying netherworld of Tartarus.
 87196 | Pan      | Entered Pandemonium
 87402 | Pan      | Noticed Cixzufob the pandemonium lord
 87413 | Pan      | Killed Cixzufob the pandemonium lord
 87444 | Pan      | Got a demonic rune of Zot
 87485 | Pan      | Entered the realm of Cerebov.
 87884 | Pan      | Identified the ring "Zaehiamips" {Fly rF+ Int+3}
 87962 | Pan      | Identified the ring of the Three Spines {rElec rN+ Dex+3}
 88049 | Pan      | Found the +6 sword of Cerebov {flame}
 88049 | Pan      | Noticed Cerebov
 88097 | Pan      | Reached skill level 21 in Invocations
 88819 | Pan      | Got Lasiup's Teachings on Maledictive Composition
 88820 | Pan      | Identified the +6 scale mail of Space {rC+ rN+}
 88896 | Pan      | Killed Cerebov
 89297 | Pan      | Identified the ring of Maicweump {rPois Int+3 Dex+6}
 89307 | Pan      | Was forgiven by Okawaru
 89358 | Pan      | Identified the staff of the Volcano {rC+ Str+4 Ice}
 89405 | Pan      | Identified the -1 pair of gloves "Fyunkino" {Rampage Will-
                  | Stlth+}
 89505 | Pan      | Identified the staff "Ymnit" {rElec rC+ rN+ Str+3 Dex-3
                  | Ice}
 89508 | Pan      | Identified the staff "Vuamoiw" {rPois rC+ Str-4 Int+6
                  | Earth}
 89537 | Pan      | Got a fiery rune of Zot
 89639 | Pan      | Identified the ring of Pexelega {Str+6 Slay+2}
 89698 | Pan      | Noticed Ignacio
 89706 | Pan      | Killed Ignacio
 89877 | Pan      | Found a transporter.
 90244 | Pan      | Gained mutation: You are very clumsy. (Dex -4) [a neqoxec]
 90279 | Pan      | Acquired the ring of Duwer {^Contam Fly Will+ EV+5 Str+7}
 90513 | Pan      | Found a runed translucent door.
 90513 | Pan      | Found a runed translucent door.
 90578 | Pan      | Noticed Ujuan the pandemonium lord
 90601 | Pan      | Killed Ujuan the pandemonium lord
 90683 | Pan      | Got the Commentary on Energy
 91198 | Pan      | Entered the realm of Mnoleg.
 91303 | Pan      | Gained mutation: You occasionally lose the ability to drink
                  | potions when taking damage. [a neqoxec]
 91407 | Pan      | Gained mutation: You are vulnerable to cold. (rC-) [a
                  | cacodemon]
 91433 | Pan      | Gained mutation: Potions are less effective at restoring
                  | your health. [a cacodemon]
 91596 | Pan      | Noticed Mnoleg
 91611 | Pan      | Killed Mnoleg
 91652 | Pan      | Got a glowing rune of Zot
 91749 | Pan      | Lost mutation: You occasionally lose the ability to drink
                  | potions when taking damage. [potion of mutation]
 91749 | Pan      | Lost mutation: Potions are less effective at restoring your
                  | health. [potion of mutation]
 91749 | Pan      | Lost mutation: You are very clumsy. (Dex -4) [potion of
                  | mutation]
 91749 | Pan      | Gained mutation: You have a somewhat thin skeletal
                  | structure. (Dex +2, Stealth+) [potion of mutation]
 91750 | Pan      | Lost mutation: Your health recovers twice as slowly from
                  | being drained. [potion of mutation]
 91750 | Pan      | Lost mutation: You are vulnerable to cold. (rC-) [potion of
                  | mutation]
 91750 | Pan      | Gained mutation: You possess an exceptional clarity of
                  | mind. [potion of mutation]
 92073 | Pan      | Found an exit through the horrors of the Abyss.
 92630 | Pan      | Found a runed translucent door.
 92636 | Pan      | Found a runed translucent door.
 92640 | Pan      | Found a runed translucent door.
 92643 | Pan      | Found a runed translucent door.
 92712 | Pan      | Reached skill level 3 in Spellcasting
 92728 | Pan      | Found a transporter.
 92744 | Pan      | Found a transporter.
 92768 | Pan      | Found a transporter.
 92946 | Pan      | Acquired a manual of Dodging
 92989 | Pan      | Noticed Decal the pandemonium lord
 93005 | Pan      | Killed Decal the pandemonium lord
 93183 | Pan      | Entered the realm of Gloorx Vloq.
 94062 | Pan      | Noticed Gloorx Vloq
 94071 | Pan      | Killed Gloorx Vloq
 94154 | Pan      | Got a dark rune of Zot
 94223 | Pan      | Entered the realm of Lom Lobon.
 94349 | Pan      | Found an exit through the horrors of the Abyss.
 94993 | Pan      | Noticed Lom Lobon
 95013 | Pan      | Killed Lom Lobon
 95107 | Pan      | Got a magical rune of Zot
 95290 | Pan      | Took an exit into the Abyss.
 95290 | Abyss:3  | Escaped into the Abyss
 95324 | Abyss:3  | Found a corrupted altar of Lugonu.
 95338 | Abyss:3  | Found a corrupted altar of Lugonu.
 95390 | Depths:4 | Escaped the Abyss
 95482 | Coc:1    | Entered Level 1 of Cocytus
 96230 | Coc:4    | Noticed an ancient lich
 96238 | Coc:4    | Killed an ancient lich
 96355 | Coc:5    | Reached skill level 21 in Armour
 96521 | Coc:7    | Entered Level 7 of Cocytus
 96638 | Coc:7    | Reached skill level 27 in Invocations
 96960 | Coc:7    | Noticed the Serpent of Hell
 96967 | Coc:7    | Reached skill level 15 in Dodging
 96975 | Coc:7    | Killed the Serpent of Hell
 97180 | Coc:7    | Noticed Antaeus
 97204 | Coc:7    | Killed Antaeus
 97232 | Coc:7    | Got an icy rune of Zot
 97458 | Tar:1    | Entered Level 1 of Tartarus
 98037 | Tar:6    | Noticed a dread lich
 98045 | Tar:6    | Killed a dread lich
 98205 | Tar:6    | Reached skill level 27 in Fighting
 98217 | Tar:6    | Reached skill level 27 in Shields
 98238 | Tar:7    | Entered Level 7 of Tartarus
 98804 | Tar:7    | Noticed Ereshkigal
 98812 | Tar:7    | Killed Ereshkigal
 99019 | Tar:7    | Identified the ring of Nakkuop {^Contam rPois Str+3}
 99024 | Tar:7    | Identified the +7 flail "Ymoashriogu" {heavy, rCorr}
 99026 | Tar:7    | Got a bone rune of Zot
 99029 | Tar:7    | Identified the ring "Duefir" {Wiz Dex+3 Stlth+}
 99030 | Tar:7    | Identified the +2 pair of gloves "Focapaut" {rElec Dex+3
                  | SInv}
 99304 | Dis:1    | Entered Level 1 of the Iron City of Dis
 99836 | Dis:4    | HP: 1/177 [hellion/damnation (30)]
 99838 | Dis:4    | Killed from afar by a hellion

Illustrated notes

####.# **,,,** *
#....# **+** * #.####
*,* * #.# *******,* *
#.# *,,,,,,,** * #.#
*,*,*,,,,** * #.#
*,#,*,,,,,* * #.#
####.#.#.,,,** *
#.###@.......,,*******
#.....##.#M..,,,,,,,,,
#######*,****,********
*,****,* *,,,,,,*
********


Turn 3393 on D:4: what the hell

Levels and vault maps discovered:
D:1:      lordsloth_arrival_two_stooges, layout_loops_ring
D:2:      layout_loops_ring
D:3:      layout_rooms, mainiacjoe_overflow_alcove_2, solitary_fountain,
          grunt_decor_resistance, nrook_mini_vaults
D:4:      layout_loops_corners, minmay_temple_entry_statues_pillars,
          nicolae_ossuary_entry_monument, kennysheep_generic_room_2,
          uniq_menkaure, uniq_eustachio, uniq_grinder, uniq_ijyb
D:5:      minmay_opposing_rooms, layout_basic, small_statue_intersection,
          chequers_serial_rivers_marsh, nicolae_shop_firing_range,
          uniq_crazy_yiuf_cottage, uniq_blork_the_orc
D:6:      layout_basic, grunt_temple_overflow_diamond
D:7:      layout_basic, serial_shops, nicolae_shop_crystal
D:8:      layout_cave_pools, lemuel_blue_sif_altar, david_lair_shrubbed,
          uniq_erica, uniq_grum
D:9:      layout_basic
D:10:     layout_basic, mainiacjoe_overflow_alcove_4, okawaru_altar_gauntlet_db,
          nicolae_tso_carved_into_rock, enter_bailey_5, jiyva_altar_1
D:11:     hangedman_cross_veins, layout_loops_ring,
          hangedman_decor_diamond_cutter, uniq_psyche
D:12:     layout_long_grid, erik_orc_4
D:13:     minmay_inner_zag, layout_layer_cave, erik_vaults_1,
          roderic_serpentine_path, serial_park_tiny_1, kennysheep_just_a_vault
D:14:     layout_loops_ring, nicolae_elevator_lobby_asterisk,
          hangedman_decor_peaks_small, uniq_kirke, uniq_nessos
D:15:     hangedman_depths_entry_try_elsewhere_first, layout_rooms,
          amcnicky_mini_pool_small
Temple:   nicolae_temple_two_arcs
Lair:1:   layout_misc_corridors, portal_ice_cave_rime, evilmike_ambush
          [evilmike_ambush_outer_basic, evilmike_ambush_inner_basic]
Lair:2:   layout_loops_ring, mainiacjoe_swamp_entry_angry_trees
Lair:3:   layout_long_grid, nicolae_spider_entry_tight_spaces,
          lemuel_fruit_fields, uniq_snorg, uniq_rupert
Lair:4:   layout_cave_pods, pdpol_lair_cavern_descent
Lair:5:   guppyfry_lair_end_dragon, layout_cave_pods,
          hangedman_lair_caniforms_friends, slime_entry_1,
          gauntlet_entry_generic
Swamp:1:  layout_basic_swamp, hangedman_swamp_ruin_hall, swamp_pool_4,
          nicolae_swamp_frolicking_bunyips
Swamp:2:  layout_basic_swamp, serial_swamp_ruin, evilmike_swamp_ruin_wall,
          evilmike_swamp_ruin_rubble_2, evilmike_swamp_ruin_house_3,
          swamp_pool_5, nicolae_swamp_decorative_isthmus, uniq_donald
Swamp:3:  layout_basic_swamp, evilmike_swamp_ruin_rubble_1
Swamp:4:  nzn_swamp_witches_coven, layout_basic_swamp
Spider:1: layout_spider_delve, nicolae_spider_world_wide_web, uniq_jorgrun
Spider:2: layout_spider_delve
Spider:3: layout_spider_delve, nicolae_spider_solar_radiation, uniq_louise,
          uniq_roxanne, uniq_arachne
Spider:4: grunt_spider_rune_parallel, uniq_mlioglotl
Slime:1:  nicolae_slime_infinislime, layout_caves
Slime:2:  layout_caves, uniq_dissolution
Slime:3:  layout_caves
Slime:4:  layout_caves
Slime:5:  slime_pit_nicolae_amoeboid
Orc:1:    layout_caves, gammafunk_ghost_stat_death,
          nicolae_orc_takin'_care_of_business
Orc:2:    grunt_orc_community_town_hall, layout_caves,
          grunt_orc_community_big_house_1, grunt_orc_community_big_house_2,
          grunt_orc_community_house_2, grunt_orc_community_house_3,
          grunt_orc_community_house_1, grunt_orc_community_house_1,
          grunt_orc_community_house_1, grunt_orc_community_house_3,
          ebering_ghost_rock_garden
Elf:1:    nicolae_elf_arrival_fired_up, layout_rooms,
          nicolae_elf_blasts_and_bolts, grunt_megastairs_4
Elf:2:    nicolae_elf_blades_crystal_corner, layout_gridlike,
          kilobyte_rumbling_trees
Elf:3:    minmay_elf_hall, layout_loops_cross
Vaults:1: hangedman_vaults_corner, nicolae_vaults_network_periphery,
          nicolae_vaults_twisting_passages, vaults_mumra_chevron,
          nicolae_vaults_diamond_2, nicolae_vaults_double_plus_2,
          vaults_dpeg_spiral, ontoclasm_vaults_shout, ontoclasm_vaults_hangar,
          nicolae_vaults_rhombus_7, grunt_vaults_focal,
          ontoclasm_vaults_ligature, v_pattern_3,
          nicolae_vaults_door_testing_chamber, layout_vaults_maze
Vaults:2: gargoyle_guard, hangedman_vaults_corner_blocks, v_misc_2,
          nicolae_vaults_diamond_1, nicolae_vaults_gold_heap, minmay_orc_keep,
          nicolae_vaults_heart-shaped_vault, nicolae_vaults_two_Ls,
          nicolae_vaults_house_2, nicolae_vaults_surprise_closet,
          layout_vaults_quadrants, serial_shops, shop, uniq_mara
Vaults:3: nicolae_vaults_trapezoid_3, nicolae_vaults_shelves_hall,
          vaults_room_ringed_pool, minmay_crypt_entry_necro_gods,
          ontoclasm_vaults_pinch, v_pattern_2, nicolae_vaults_trapezoid_2,
          hangedman_vaults_snaps, vaults_mumra_hexcomb,
          nicolae_vaults_ring_of_whatevers, ontoclasm_vaults_gateway, v_misc_33,
          nicolae_vaults_tetromino_Z_1, vaults_dpeg_hooks,
          layout_vaults_omnicross, serial_shops, shop
Vaults:4: ontoclasm_vaults_eye, nicolae_vaults_trapezoid_2, st_star,
          ontoclasm_vaults_tryst, nicolae_vaults_trapezoid_1,
          ontoclasm_vaults_fault, vaults_room_corners,
          layout_vaults_chaotic_city
Vaults:5
Crypt:1:  layout_gridlike, ebering_dispersal_statue_hall
Crypt:2:  layout_catacombs, minmay_large_rounded_square
Crypt:3:  due_elkab, layout_chaotic_city, tomb_entry_simple_bobbens
Depths:1: minmay_the_grid_octo_tiled_octocenter [minmay_the_grid_octo_clover_2,
          minmay_the_grid_octo_clover, minmay_the_grid_octo_concentric,
          minmay_the_grid_octo_shrine,
          minmay_the_grid_octo_prize_square_snowflake,
          minmay_the_grid_square_5x5_checkered_statues,
          minmay_the_grid_square_5x5_inverted_slash,
          minmay_the_grid_square_5x5_hollow_slash,
          minmay_the_grid_square_5x5_minivault], layout_gridlike,
          serial_bayou_pond_b, pan_entry, hangedman_abyss_entry_splay,
          hell_entry, nicolae_evil_shop, uniq_asterion, uniq_boris, uniq_nikola
Depths:2: gammafunk_jiyva_shrine, layout_gridlike, rand_demon_pan_entry_7,
          reono_crystal_passage, pf_dread_powers_of_hell, serial_shops,
          kennysheep_mini, minmay_staircase_bubble
Depths:3: minmay_swirls_squares, layout_gridlike, enter_ziggurat_a, hellmouth_1,
          serial_shops, shop, shop, shop, nicolae_book_shop_shelving,
          abyss_entry, minmay_shop_grove
Depths:4: lemuel_castle_with_subvaults [lemuel_castle_interior_original],
          layout_gridlike, grunt_mini_vestibule, rand_demon_pan_entry_4,
          lemuel_tele_altar, uniq_xtahua, uniq_mennas, uniq_josephina
Hell
Dis:1:    hangedman_dis_decor_blocks_talon, layout_subdivisions
Dis:2:    layout_overlapping_boxes
Dis:3:    layout_gridville, glass_columns_b
Dis:4:    layout_regular_city
Coc:1:    nooodl_cocytus_jagged_cave
Coc:2:    layout_cocytus_water_paths
Coc:3:    layout_cocytus_delve
Coc:4:    layout_ice_bergs
Coc:5:    layout_cocytus_water_paths
Coc:6:    layout_cocytus_water_paths
Coc:7:    coc_grunt
Tar:1:    layout_grid_maze, nicolae_tar_honey_rotating
Tar:2:    layout_catacombs, nicolae_tar_cuneiform_two, nicolae_tar_cuneiform_oil
Tar:3:    layout_grid_maze, nicolae_tar_cuneiform_three
Tar:4:    layout_catacombs, nicolae_tar_spectre_spectrum
Tar:5:    layout_catacombs
Tar:6:    layout_cathedral_of_symmetry, nicolae_tar_stay_or_leave
Tar:7:    tar_minmay_river
Zot:1:    hellmonk_paralyzer, layout_gridlike, hangedman_zot_diagonal_lockstep
Zot:2:    layout_misc_corridors, ebering_ghost_rock_garden, uniq_tiamat,
          uniq_grunn
Zot:3:    layout_onion, regret_index_zotdec_magical_s,
          nicolae_rock_paper_scissors
Zot:4:    layout_gridville, st_stairs_11, grunt_megastairs_1

Skill      XL: |  1  2  3  4  5  6  7  8  9 10 11 12 13 14 15 16 17 18 19 20 21 22 23 24 25 26 27 |
---------------+----------------------------------------------------------------------------------+-----
Axes           | 3 4 5 6 7 9 10 12 13 14 16 17 18 20 | 20.8
Fighting       | 3 4 5 7 8 9 10 12 14 16 18 19 20 21 22 23 24 25 27 | 27.0
Armour         | 3 4 6 7 8 10 11 12 14 15 25 | 25.3
Evocations     | 1 3 5 7 8 10 12 | 12.0
Dodging        | 3 4 6 8 16 | 16.7
Invocations    | 2 3 6 8 10 11 12 14 15 17 18 27 | 27.0
Shields        | 4 5 7 10 13 17 18 20 21 23 24 25 27 | 27.0
Throwing       | 6 9 11 12 | 12.0
Shapeshifting  | 2 4 |  4.6
Spellcasting   | 4 |  4.1

Action                     |  1- 3 |  4- 6 |  7- 9 | 10-12 | 13-15 | 16-18 | 19-21 | 22-24 | 25-27 || total
---------------------------+-------+-------+-------+-------+-------+-------+-------+-------+-------++-------
  Melee: War axe           |    93 |   147 |   284 |   504 |  1069 |       |       |       |       ||  2097
         Punch             |     2 |     4 |     2 |     5 |       |       |       |       |       ||    13
         Broad axe         |       |       |       |       |   147 |  1186 |  1181 |  1416 |  3974 ||  7904
  Throw: Throwing net      |       |     6 |     3 |       |       |       |       |       |     5 ||    14
         Boomerang         |       |     2 |       |     4 |     2 |     1 |       |       |     5 ||    14
         Dart              |       |       |     8 |       |       |     2 |       |     2 |     2 ||    14
         Javelin           |       |       |       |       |       |       |       |       |    64 ||    64
 Invoke: Heroism           |       |       |       |     2 |     6 |    15 |     5 |    17 |     5 ||    50
         Receive Weapon    |       |       |       |       |     1 |       |       |       |       ||     1
         Receive Armour    |       |       |       |       |       |     1 |       |       |       ||     1
         Finesse           |       |       |       |       |       |       |     2 |     4 |     2 ||     8
         Duel              |       |       |       |       |       |       |       |     1 |     3 ||     4
         Cleansing Flame   |       |       |       |       |       |       |       |       |    39 ||    39
         Summon Divine War |       |       |       |       |       |       |       |       |    19 ||    19
         Divine Shield     |       |       |       |       |       |       |       |       |    12 ||    12
         Brand Weapon With |       |       |       |       |       |       |       |       |     1 ||     1
Ability: Evoke Blink       |       |       |       |       |       |     1 |       |     1 |     2 ||     4
  Evoke: Wand              |       |     3 |     1 |    14 |       |     2 |       |     3 |     7 ||    30
         Lightning rod     |       |       |       |       |       |       |       |     3 |       ||     3
         Condenser vane    |       |       |       |       |       |       |       |       |     2 ||     2
         Phial of floods   |       |       |       |       |       |       |       |       |     1 ||     1
    Use: Scroll            |     2 |     4 |     3 |     6 |     8 |    18 |     4 |     5 |    34 ||    84
         Potion            |       |     2 |     3 |     3 |     1 |     7 |     3 |     7 |    26 ||    52
   Stab: Paralysed         |       |     3 |       |     5 |       |       |       |       |       ||     8
         Held in net/web   |       |       |     2 |       |       |       |       |       |     5 ||     7
         Distracted        |       |       |       |     1 |       |       |       |       |       ||     1
         Petrified         |       |       |       |       |       |       |       |       |     2 ||     2
 Armour: Leather armour    |    53 |    15 |       |       |       |       |       |       |       ||    68
         Scale mail        |       |   102 |   143 |       |       |       |       |       |       ||   245
         Chain mail        |       |    15 |    22 |       |       |       |   122 |       |       ||   159
         Plate armour      |       |       |    52 |   400 |   753 |   922 |   275 |   789 |   525 ||  3716
         Gold dragon scale |       |       |       |       |       |       |       |       |  1155 ||  1155
  Dodge: Dodged            |    66 |    70 |   143 |   134 |   249 |   297 |   138 |   256 |   875 ||  2228
         Repelled          |       |       |       |       |     1 |    10 |     1 |       |       ||    12
  Block: Other             |    10 |    29 |    66 |    79 |       |       |       |       |       ||   184
         Reflection        |       |     1 |     2 |    12 |    10 |    49 |   120 |    61 |   193 ||   448
         Buckler           |       |       |       |    46 |   627 |   166 |       |       |       ||   839
         Kite shield       |       |       |       |       |       |   735 |       |       |       ||   735
         Tower shield      |       |       |       |       |       |   255 |  1537 |  2265 |  5998 || 10055
